 Dungeon Crawl Stone Soup version 0.28-b1-25-g9875b3fc8c (webtiles) character file.

Game seed: 15530683300357514559

35 belegose the Skirmisher (level 3, -3/29 HPs)
             Began as a Demonspawn Cinder Acolyte on Feb 1, 2022.
             Was a High Priest of Ignis.
             Slain by a quokka (4 damage)
             ... on level 2 of the Dungeon.
             The game lasted 00:02:43 (1933 turns).

belegose the Skirmisher (Demonspawn Cinder Acolyte) Turns: 1933, Time: 00:02:44

Health: -3/29      AC:  3    Str: 14    XL:     3   Next: 17%
Magic:  4/4        EV: 11    Int: 15    God:    Ignis [*****.]
Gold:   64         SH:  0    Dex: 10    Spells: 3/4 levels left

rFire   + . .      SeeInvis .   a - -1 falchion (flame)
rCold   . . .      Faith    .   (no shield)
rNeg    . . .      Spirit   .   b - +0 robe
rPois   .          Reflect  .   (no helmet)
rElec   .          Harm     .   (no cloak)
rCorr   .          Rampage  .   (no gloves)
Will    .....                   (no boots)
Stlth   +.........              (no amulet)
HPRegen 0.09/turn               (no ring)
MPRegen 0.09/turn               (no ring)

@: no status effects
A: demonic guardian 1, sharp scales 1
a: Renounce Religion, Fiery Armour, Foxfire Swarm, Rising Flame


You were on level 2 of the Dungeon.
You worshipped Ignis.
Ignis was extremely pleased with you.
You visited 1 branch of the dungeon, and saw 2 of its levels.

You collected 64 gold pieces.

Inventory:

Hand Weapons
 a - a -1 falchion of flaming (weapon)
Missiles
 c - 21 stones (quivered)
 f - 6 sling bullets
Armour
 b - a +0 robe (worn)
Magical Staves
 k - a staff of death
Scrolls
 j - a scroll of blinking {unknown}
 l - a scroll of magic mapping {unknown}
Potions
 d - a potion of berserk rage {unknown}
 e - 2 potions of curing {unknown}
 g - a potion of lignification {unknown}
 h - a potion of flight {unknown}
 i - a potion of brilliance {unknown}


   Skills:
 + Level 3.4 Fighting
 + Level 3.1 Long Blades
 + Level 1.2 Armour
 + Level 1.0 Spellcasting
 + Level 0.2 Necromancy
 - Level 2.6 Fire Magic


You had 3 spell levels left.
You knew the following spells:

 Your Spells              Type           Power      Damage    Failure   Level
a - Animate Skeleton      Necr           2%         N/A       22%         1

Your spell library contained the following spells:

 Spells                   Type           Power      Damage    Failure   Level
 Scorch                   Fire           16%        2d6       12%         2
 Pain                     Necr           4%         1d4       22%         1
 Vampiric Draining        Necr           1%         2d6       54%         3
 Gell's Gravitas          Tloc           0%         N/A       58%         3
 Teleport Other           Tloc           0%         N/A       58%         3
 Dispersal                Tloc           0%         N/A       100%        6


Dungeon Overview and Level Annotations

Branches:
Dungeon (2/15)

Altars:


Innate Abilities, Weirdness & Mutations

A weak demonic guardian rushes to your aid.
You are partially covered in razor-sharp scales. (AC +1, Slay +1)


Message History

The quokka barely misses you. The quokka closely misses you.
You barely miss the quokka.
The quokka is severely wounded.
The quokka bites you but does no damage.
You hit the quokka but do no damage.
The quokka is severely wounded.
The quokka misses you.
You closely miss the quokka.
The quokka is severely wounded.
The quokka barely misses you.
The quokka bites you but does no damage.
You closely miss the quokka.
The quokka is heavily wounded.
The quokka bites you.
* * * LOW HITPOINT WARNING * * *
Unknown command.
You barely miss the quokka.
The quokka is heavily wounded.
The quokka closely misses you. The quokka bites you.
* * * LOW HITPOINT WARNING * * *
A demonic guardian appears!
The quokka bites you but does no damage.
The quokka bites you but does no damage.
The quokka barely misses you.
You closely miss the quokka.
The quokka is heavily wounded.
The quokka bites you but does no damage.
The quokka barely misses you.
You barely miss the quokka.
The quokka is heavily wounded.
The quokka bites you.
* * * LOW HITPOINT WARNING * * *
A demonic guardian appears!
The quokka bites you.
* * * LOW HITPOINT WARNING * * *
Your iron imp disappears in a puff of smoke!
The quokka bites you.
* * * LOW HITPOINT WARNING * * *
The quokka bites you.
You die...

####### # ## #.....# #. ..# #
#.....# .###.# #. #.....####
..#.# #.###........# #.#.#
...#......#.# ####.#.#
..#.#......#.###@§.§#.######.
................5r.§.........
###.#......#.#...####.##.##.
# #.#......#.#.#......#
###.#......#.#.#.######
..................
##.........#...####
>#.############# .#.#


You could see a quokka (ally target) and a friendly shadow imp (summoned).

Vanquished Creatures
  3 ball pythons (D:1)
  2 endoplasms (D:1)
  4 giant cockroaches
  A hobgoblin (D:1)
  2 jackals (D:1)
  2 kobolds (D:1)
  A quokka (D:1)
  A bat (D:1)
  3 goblins (D:1)
  A rat (D:1)
20 creatures vanquished.

Vanquished Creatures (collateral kills)
  An adder (D:2)
1 creature vanquished.

Grand Total: 21 creatures vanquished

Notes
Turn   | Place    | Note
-------+----------+-------------------------------------------
     0 | D:1      | belegose the Demonspawn Cinder Acolyte began the quest for
                  | the Orb.
     0 | D:1      | Reached XP level 1. HP: 18/18 MP: 2/2
   463 | D:1      | Gained mutation: A weak demonic guardian rushes to your
                  | aid. [demonic ancestry]
   463 | D:1      | Reached XP level 2. HP: 14/24 MP: 3/3
  1194 | D:1      | Reached skill level 1 in Armour
  1461 | D:1      | Learned a level 1 spell: Animate Skeleton
  1681 | D:2      | Noticed a scorpion
  1895 | D:2      | Gained mutation: You are partially covered in razor-sharp
                  | scales. (AC +1, Slay +1) [demonic ancestry]
  1895 | D:2      | Reached XP level 3. HP: 14/29 MP: 4/4
  1933 | D:2      | HP: 1/29 [quokka (1)]
  1933 | D:2      | Slain by a quokka

Illustrated notes

Levels and vault maps discovered:
D:1:      dpeg_arrival_simpleton_a, layout_loops_corners
D:2:      layout_basic, dreamdust_ecumenical_altar_drowned_temple

Skill      XL: |  1  2 |
---------------+-------+-----
Long Blades    | 3 |  3.1
Armour         | 1 |  1.2
Fighting       | |  3.4
Spellcasting   | |  1.0
Necromancy     | |  0.2
Fire Magic     | |  2.6

Action                   || total
-------------------------++-------
Melee: Falchion          ||    96
Armor: Robe              ||    25
Dodge: Dodged            ||    54
